Vancouver Canucks vs Edmonton Oilers
Created - Friday, February 21, 2025 at 08:08
Goals
|
| Vancouver Canucks |
0 |
1 |
1 |
0 |
2 |
| Edmonton Oilers |
0 |
1 |
1 |
1 |
3 |
|
Shots
|
| Vancouver Canucks |
10 |
10 |
11 |
2 |
33 |
| Edmonton Oilers |
5 |
13 |
4 |
5 |
27 |
|
1st period
No Goal
Penalties :
No Penalty
2nd period
1. Edmonton Oilers , Jake DeBrusk 4 (Brock Boeser 7, Scott Mayfield 4) at 12:28
2. Vancouver Canucks , Anton Lundell 1 (Noah Hanifin 5) at 15:06
Penalties :
Brandon Carlo (EDM) for Tripping (Minor) at 2:15
3rd period
3. Vancouver Canucks , Casey Mittelstadt 3 (Adam Boqvist 3, Noah Hanifin 6) at 1:08 (PP)
4. Edmonton Oilers , Adrian Kempe 6 (Brandon Carlo 6, David Savard 4) at 15:10 (PP)
Penalties :
Jacob Trouba (EDM) for Slashing (Minor) at 0:19, Casey Mittelstadt (VAN) for Holding (Minor) at 1:25, Jacob Trouba (EDM) for Tripping (Minor) at 12:14, Anton Lundell (VAN) for Slashing (Minor) at 14:32, Evan Bouchard (EDM) for Hooking (Minor) at 15:59
Overtime #1
5. Edmonton Oilers , Morgan Barron 1 (Brandon Carlo 7, Corey Perry 7) at 3:23
Penalties :
No Penalty
Goalie Stats
Joonas Korpisalo (VAN), 24 saves from 27 shots - (0.889), OTL, 1-5-2, 63:23 minutes
Jonathan Quick (EDM), 31 saves from 33 shots - (0.939), W, 4-4-0, 63:23 minutes
Players Stats for Vancouver Canucks
Player Name G A P +/- PIM S H SB GA TA FO MP PP MP PK MP
------------------------------------------------------------------------------------
Adam Boqvist 0 1 1 -1 0 2 0 1 0 2 0/0 21:00 3:20 0:00
Aleksander Barkov 0 0 0 -1 0 0 1 1 0 0 8/12 19:01 3:10 1:26
Anton Lundell 1 0 1 1 2 9 3 0 0 1 3/4 16:57 0:43 0:00
Artturi Lehkonen 0 0 0 -1 0 2 2 1 1 0 0/0 17:30 3:24 1:11
Brett Leason 0 0 0 0 0 0 1 1 0 0 0/0 9:58 0:00 1:26
Casey Mittelstadt 1 0 1 0 2 1 1 1 1 0 15/24 18:47 2:58 0:00
Chad Ruhwedel 0 0 0 0 0 1 0 1 0 0 0/0 16:12 0:30 1:09
Clayton Keller 0 0 0 -1 0 3 2 0 1 0 0/1 18:53 3:05 0:00
Connor Zary 0 0 0 1 0 5 0 0 0 0 0/0 16:47 3:19 0:00
Emil Martinsen Lilleberg 0 0 0 -1 0 1 1 1 0 0 0/0 18:41 0:00 1:28
Jacob Bernard-Docker 0 0 0 0 0 0 0 2 0 0 0/0 15:09 0:00 1:28
Matias Maccelli 0 0 0 -1 0 2 1 1 1 0 0/1 14:30 0:16 0:00
Mikael Pyyhtia 0 0 0 0 0 1 0 0 0 0 0/1 8:47 0:00 0:00
Mikko Rantanen 0 0 0 -1 0 2 2 1 0 0 3/4 19:06 3:08 0:05
Miro Heiskanen 0 0 0 0 0 1 0 1 2 0 0/0 24:31 2:56 0:00
Noah Hanifin 0 2 2 0 0 2 1 2 0 2 0/0 27:06 3:36 1:09
Robby Fabbri 0 0 0 0 0 0 0 0 0 0 0/0 11:58 3:20 0:00
Ty Dellandrea 0 0 0 1 0 1 4 0 0 0 0/0 16:00 0:05 1:06
Players Stats for Edmonton Oilers
Player Name G A P +/- PIM S H SB GA TA FO MP PP MP PK MP
------------------------------------------------------------------------------------
Adrian Kempe 1 0 1 -1 0 2 3 0 1 0 1/5 20:06 1:24 3:22
Boone Jenner 0 0 0 -1 0 0 1 1 0 0 6/14 20:07 1:24 3:16
Brandon Carlo 0 2 2 1 2 2 2 1 0 0 0/0 21:38 1:22 2:03
Brett Pesce 0 0 0 1 0 0 2 2 0 0 0/0 19:35 0:00 3:20
Brock Boeser 0 1 1 1 0 4 2 0 2 1 0/4 19:34 1:13 3:22
Corey Perry 0 1 1 1 0 2 1 2 0 0 0/0 15:33 0:00 0:08
David Perron 0 0 0 -1 0 1 3 1 0 0 0/0 19:49 1:24 3:16
David Savard 0 1 1 -1 0 2 1 1 0 1 0/0 24:28 1:15 3:54
Dawson Mercer 0 0 0 0 0 1 1 0 0 0 1/5 13:49 0:00 0:00
Derek Ryan 0 0 0 0 0 1 2 0 0 0 1/1 9:01 0:00 0:00
Evan Bouchard 0 0 0 -1 2 1 1 0 0 1 0/0 22:49 1:15 1:53
Jacob Trouba 0 0 0 1 4 2 3 3 0 1 0/0 21:25 1:22 1:32
Jake DeBrusk 1 0 1 1 0 3 0 0 0 0 0/1 14:48 1:13 0:08
Jeff Carter 0 0 0 1 0 2 2 1 0 1 8/16 14:12 1:13 0:00
Joey Anderson 0 0 0 0 0 1 2 0 2 1 0/0 9:03 0:00 0:00
Morgan Barron 1 0 1 1 0 2 0 0 0 0 1/1 10:42 0:00 0:00
Ryan McLeod 0 0 0 0 0 1 2 0 0 0 0/0 13:31 0:00 0:00
Scott Mayfield 0 1 1 1 0 0 1 2 0 0 0/0 16:32 0:00 0:50
3 Stars
1 - Jonathan Quick (EDM)
2 - Jake DeBrusk (EDM)
3 - Morgan Barron (EDM)
Power Play
Vancouver Canucks - 1 on 4 Attempt(s) - 25.00%
Edmonton Oilers - 1 on 2 Attempt(s) - 50.00%
Penalty Kill
Vancouver Canucks - 1 on 2 Attempt(s) - 50.00%
- Score 0 goal in Penalty Kill
Edmonton Oilers - 3 on 4 Attempt(s) - 75.00%
- Score 0 goal in Penalty Kill
Team Stat
Vancouver Canucks - Hits : 19 - Faceoff Wins : 29 - Blocked Shots : 14 - Penalty Minutes : 4
Edmonton Oilers - Hits : 29 - Faceoff Wins : 18 - Blocked Shots : 14 - Penalty Minutes : 8
Official
Referees : Trevor Hanson and Conor O'Donnell
Linesman : Jonny Murray and CJ Murray
Game Notes
No Game Note
Finance
Level 1 -- Attendance: 5534 (92.23%) -- Ticket Income $498,060
Level 2 -- Attendance: 5000 (100.00%) -- Ticket Income $250,000
Level 3 -- Attendance: 2972 (99.07%) -- Ticket Income $89,160
Level 4 -- Attendance: 4849 (96.98%) -- Ticket Income $96,980
Luxury Box -- Attendance: 986 (98.60%) -- Ticket Income $187,340
Game was played at the Rexall Place.
Total Attendance: 19341 (96.71%)
Total Ticket Income: $1,121,540
Other Income: $392,539
Total Income: $1,514,079
Vancouver Canucks
5 vs 5 Forward
Center Left Wing Right Wing Time % Phy DF OF
1 Casey Mittelstadt Clayton Keller Mikko Rantanen 40 1 1 3
2 Aleksander Barkov Matias Maccelli Artturi Lehkonen 30 1 2 2
3 Anton Lundell Connor Zary Ty Dellandrea 20 1 2 2
4 Mikael Pyyhtia Robby Fabbri Brett Leason 10 1 3 1
5 vs 5 Defense
Defense Defense Time % Phy DF OF
1 Noah Hanifin Miro Heiskanen 30 1 2 2
2 Emil Martinsen Lilleberg Adam Boqvist 30 1 2 2
3 Chad Ruhwedel Jacob Bernard-Docker 25 1 2 2
4 Noah Hanifin Miro Heiskanen 15 1 2 2
PowerPlay Forward
Center Left Wing Right Wing Time % Phy DF OF
1 Mikko Rantanen Clayton Keller Artturi Lehkonen 50 0 1 4
2 Casey Mittelstadt Connor Zary Robby Fabbri 50 0 1 4
PowerPlay Defense
Defense Defense Time % Phy DF OF
1 Aleksander Barkov Miro Heiskanen 50 0 1 4
2 Noah Hanifin Adam Boqvist 50 0 1 4
Penalty Kill 4 Players Forward
Center Wing Time % Phy DF OF
1 Aleksander Barkov Brett Leason 50 1 2 2
2 Artturi Lehkonen Ty Dellandrea 50 1 2 2
Penalty Kill 4 Players Defense
Defense Defense Time % Phy DF OF
1 Noah Hanifin Chad Ruhwedel 50 1 2 2
2 Emil Martinsen Lilleberg Jacob Bernard-Docker 50 1 2 2
Penalty Kill - 3 Players Forward
Forward Time % Phy DF OF
1 Brett Leason 50 1 2 2
2 Aleksander Barkov 50 1 2 2
Penalty Kill - 3 Players Defense
Defense Defense Time % Phy DF OF
1 Noah Hanifin Chad Ruhwedel 50 1 2 2
2 Emil Martinsen Lilleberg Jacob Bernard-Docker 50 1 2 2
4 vs 4 Forward
Center Wing Time % Phy DF OF
1 Mikko Rantanen Clayton Keller 50 1 2 2
2 Casey Mittelstadt Matias Maccelli 50 1 2 2
4 vs 4 Defense
Defense Defense Time % Phy DF OF
1 Noah Hanifin Miro Heiskanen 50 1 2 2
2 Emil Martinsen Lilleberg Adam Boqvist 50 1 2 2
Last Minutes Offensive
Center Left Wing Right Wing Defense Defense
Aleksander Barkov Clayton Keller Mikko Rantanen Adam Boqvist Miro Heiskanen
Last Minutes Defensive
Center Left Wing Right Wing Defense Defense
Aleksander Barkov Artturi Lehkonen Brett Leason Noah Hanifin Miro Heiskanen
Goaltenders
Starting : Joonas Korpisalo
Backup : Ville Husso
Extra Forwards
Normal : Aleksander Barkov, Mikko Rantanen, Clayton Keller - PP : Clayton Keller, Casey Mittelstadt - PK : Mikko Rantanen
Extra Defensemen
Normal : Noah Hanifin, Miro Heiskanen, Emil Martinsen Lilleberg - PP : Noah Hanifin - PK : Noah Hanifin, Miro Heiskanen
Penalty Shots
Aleksander Barkov, Mikko Rantanen, Clayton Keller, Brett Leason, Miro Heiskanen
Scratches
Jesperi Kotkaniemi (Healthy), Jacob Bryson (Healthy), Justus Annunen (Healthy)
Edmonton Oilers
5 vs 5 Forward
Center Left Wing Right Wing Time % Phy DF OF
1 Boone Jenner David Perron Adrian Kempe 30 1 2 2
2 Jeff Carter Jake DeBrusk Brock Boeser 30 1 2 2
3 Dawson Mercer Ryan McLeod Corey Perry 25 1 2 2
4 Derek Ryan Morgan Barron Joey Anderson 15 1 2 2
5 vs 5 Defense
Defense Defense Time % Phy DF OF
1 Jacob Trouba Brandon Carlo 35 1 2 2
2 David Savard Evan Bouchard 35 1 2 2
3 Scott Mayfield Brett Pesce 30 1 2 2
4 Jacob Trouba Brandon Carlo 0 1 2 2
PowerPlay Forward
Center Left Wing Right Wing Time % Phy DF OF
1 Boone Jenner David Perron Adrian Kempe 50 1 2 2
2 Jeff Carter Jake DeBrusk Brock Boeser 50 1 2 2
PowerPlay Defense
Defense Defense Time % Phy DF OF
1 Jacob Trouba Brandon Carlo 50 1 2 2
2 David Savard Evan Bouchard 50 1 2 2
Penalty Kill 4 Players Forward
Center Wing Time % Phy DF OF
1 Adrian Kempe Brock Boeser 50 1 2 2
2 Boone Jenner David Perron 50 1 2 2
Penalty Kill 4 Players Defense
Defense Defense Time % Phy DF OF
1 Jacob Trouba Brandon Carlo 50 1 2 2
2 David Savard Evan Bouchard 50 1 2 2
Penalty Kill - 3 Players Forward
Forward Time % Phy DF OF
1 Adrian Kempe 50 1 2 2
2 Brock Boeser 50 1 2 2
Penalty Kill - 3 Players Defense
Defense Defense Time % Phy DF OF
1 Jacob Trouba Brandon Carlo 50 1 2 2
2 David Savard Evan Bouchard 50 1 2 2
4 vs 4 Forward
Center Wing Time % Phy DF OF
1 Adrian Kempe Brock Boeser 50 1 2 2
2 Boone Jenner David Perron 50 1 2 2
4 vs 4 Defense
Defense Defense Time % Phy DF OF
1 Jacob Trouba Brandon Carlo 50 1 2 2
2 David Savard Evan Bouchard 50 1 2 2
Last Minutes Offensive
Center Left Wing Right Wing Defense Defense
Boone Jenner David Perron Adrian Kempe Jacob Trouba Brandon Carlo
Last Minutes Defensive
Center Left Wing Right Wing Defense Defense
Boone Jenner David Perron Adrian Kempe Jacob Trouba Brandon Carlo
Goaltenders
Starting : Jonathan Quick
Backup : Juuse Saros
Extra Forwards
Normal : Morgan Barron, Adrian Kempe, Corey Perry - PP : Morgan Barron, Adrian Kempe - PK : Corey Perry
Extra Defensemen
Normal : Scott Mayfield, Brett Pesce, David Savard - PP : Scott Mayfield - PK : Brett Pesce, David Savard
Penalty Shots
Adrian Kempe, Brock Boeser, Boone Jenner, David Perron, Jake DeBrusk
Scratches
Rasmus Ristolainen (Healthy), Julien Gauthier (Healthy), Tanner Jeannot (Healthy), Dylan Holloway (Healthy)
% Time on Ice - Vancouver Canucks
Lines # - Real PCT - Wanted PCT - Time Play
Normal Forward
1 - 29% - 40% - 14:44
2 - 27% - 30% - 13:40
3 - 27% - 20% - 13:41
4 - 17% - 10% - 8:32
Normal Defense
1 - 30% - 30% - 15:08
2 - 32% - 30% - 16:21
3 - 26% - 25% - 13:10
4 - 12% - 15% - 5:58
PP Forward
1 - 51% - 50% - 3:27
2 - 49% - 50% - 3:19
PP Defense
1 - 47% - 50% - 3:10
2 - 53% - 50% - 3:36
PK Forward
1 - 55% - 50% - 1:26
2 - 45% - 50% - 1:11
PK Defense
1 - 44% - 50% - 1:09
2 - 56% - 50% - 1:28
PK3 Forward
1 - 0% - 50%
2 - 0% - 50%
PK3 Defense
1 - 0% - 50%
2 - 0% - 50%
44 Forward
1 - 35% - 50% - 1:11
2 - 65% - 50% - 2:12
44 Defense
1 - 54% - 50% - 1:49
2 - 46% - 50% - 1:34
Last Minute Offensive - 0:00
Last Minute Defensive - 0:00
Total
Forward - 63:23
Defense - 63:23
|
% Time on Ice - Edmonton Oilers
Lines # - Real PCT - Wanted PCT - Time Play
Normal Forward
1 - 30% - 30% - 15:12
2 - 26% - 30% - 13:02
3 - 27% - 25% - 13:31
4 - 18% - 15% - 8:52
Normal Defense
1 - 35% - 35% - 17:28
2 - 34% - 35% - 17:14
3 - 31% - 30% - 15:55
4 - 0% - 0% - 0:00
PP Forward
1 - 54% - 50% - 1:24
2 - 46% - 50% - 1:13
PP Defense
1 - 52% - 50% - 1:22
2 - 48% - 50% - 1:15
PK Forward
1 - 50% - 50% - 3:24
2 - 50% - 50% - 3:22
PK Defense
1 - 55% - 50% - 3:44
2 - 45% - 50% - 3:02
PK3 Forward
1 - 0% - 50%
2 - 0% - 50%
PK3 Defense
1 - 0% - 50%
2 - 0% - 50%
44 Forward
1 - 29% - 50% - 0:59
2 - 71% - 50% - 2:24
44 Defense
1 - 43% - 50% - 1:27
2 - 57% - 50% - 1:56
Last Minute Offensive - 0:00
Last Minute Defensive - 0:00
Total
Forward - 63:23
Defense - 63:23
|
Play-by-Play
1st period
0:01 of 1st period - Casey Mittelstadt wins face-off versus Boone Jenner in neutral zone.
0:11 of 1st period - Wrist shot by Clayton Keller.
0:11 of 1st period - Stopped by Jonathan Quick with a rebound.
0:27 of 1st period - Boone Jenner is hit by Anton Lundell.
0:35 of 1st period - Evan Bouchard is hit by Ty Dellandrea and loses puck.
1:10 of 1st period - Slapshot by Anton Lundell.
1:10 of 1st period - Stopped by Jonathan Quick with a rebound.
1:12 of 1st period - Wrist shot by Anton Lundell.
1:12 of 1st period - Stopped by Jonathan Quick with a rebound.
1:14 of 1st period - Slapshot by Noah Hanifin.
1:14 of 1st period - Deflect By Anton Lundell.
1:14 of 1st period - Stopped by Jonathan Quick with a rebound.
1:32 of 1st period - Slapshot by Connor Zary.
1:32 of 1st period - Stopped by Jonathan Quick with a rebound.
1:34 of 1st period - Wrist shot by Noah Hanifin.
1:34 of 1st period - Shot Blocked by Scott Mayfield.
1:36 of 1st period - Wrist shot by Anton Lundell.
1:36 of 1st period - Stopped by Jonathan Quick without a rebound.
1:37 of 1st period - Jeff Carter wins face-off versus Aleksander Barkov in Edmonton Oilers zone.
1:50 of 1st period - Snap shot by Jake DeBrusk.
1:50 of 1st period - Stopped by Joonas Korpisalo with a rebound.
3:23 of 1st period - Slapshot by Robby Fabbri.
3:23 of 1st period - Shot Misses the Net.
3:37 of 1st period - Slapshot by Dawson Mercer.
3:37 of 1st period - Shot Blocked by Jacob Bernard-Docker.
3:45 of 1st period - Slapshot by Evan Bouchard.
3:45 of 1st period - Shot Misses the Net.
4:03 of 1st period - Snap shot by Corey Perry.
4:03 of 1st period - Deflect By Dawson Mercer.
4:03 of 1st period - Stopped by Joonas Korpisalo with a rebound.
4:05 of 1st period - Slapshot by David Savard.
4:05 of 1st period - Stopped by Joonas Korpisalo without a rebound.
4:06 of 1st period - Casey Mittelstadt wins face-off versus Jeff Carter in Vancouver Canucks zone.
4:06 of 1st period - Casey Mittelstadt is hit by Jeff Carter.
4:44 of 1st period - Slapshot by Artturi Lehkonen.
4:44 of 1st period - Shot Blocked by Brandon Carlo.
5:57 of 1st period - Brett Pesce is hit by Mikko Rantanen and loses puck.
7:50 of 1st period - Aleksander Barkov is hit by Adrian Kempe and loses puck.
9:15 of 1st period - Brandon Carlo is hit by Ty Dellandrea and loses puck.
9:46 of 1st period - Brock Boeser is hit by Anton Lundell and loses puck.
11:33 of 1st period - Anton Lundell is hit by Ryan McLeod.
11:43 of 1st period - Brett Leason is hit by Brett Pesce and loses puck.
11:54 of 1st period - Brett Leason is hit by Adrian Kempe and loses puck.
12:57 of 1st period - Noah Hanifin is hit by Brock Boeser and loses puck.
13:22 of 1st period - Adam Boqvist is hit by Jeff Carter and loses puck.
13:39 of 1st period - Joey Anderson is hit by Mikko Rantanen and loses puck.
14:11 of 1st period - Mikael Pyyhtia is hit by Derek Ryan and loses puck.
14:24 of 1st period - Snap shot by Ryan McLeod.
14:24 of 1st period - Stopped by Joonas Korpisalo without a rebound.
14:25 of 1st period - Dawson Mercer wins face-off versus Anton Lundell in Vancouver Canucks zone.
14:46 of 1st period - David Savard is hit by Ty Dellandrea.
14:52 of 1st period - Ryan McLeod is hit by Anton Lundell and loses puck.
15:38 of 1st period - Snap shot by Anton Lundell.
15:38 of 1st period - Shot Blocked by Corey Perry.
15:40 of 1st period - Wrist shot by Anton Lundell.
15:40 of 1st period - Stopped by Jonathan Quick with a rebound.
15:44 of 1st period - Snap shot by Connor Zary.
15:44 of 1st period - Deflect By Anton Lundell.
15:44 of 1st period - Stopped by Jonathan Quick with a rebound.
15:46 of 1st period - Wrist shot by Connor Zary.
15:46 of 1st period - Shot Blocked by Brett Pesce.
16:15 of 1st period - Snap shot by Ryan McLeod.
16:15 of 1st period - Shot Hit the Post.
16:35 of 1st period - Ty Dellandrea is hit by Brett Pesce and loses puck.
16:56 of 1st period - Wrist shot by Corey Perry.
16:56 of 1st period - Stopped by Joonas Korpisalo with a rebound.
17:12 of 1st period - Wrist shot by Dawson Mercer.
17:12 of 1st period - Shot Misses the Net.
17:48 of 1st period - Brett Pesce is hit by Ty Dellandrea.
17:58 of 1st period - Wrist shot by Corey Perry.
17:58 of 1st period - Shot Misses the Net.
18:31 of 1st period - Wrist shot by Connor Zary.
18:31 of 1st period - Stopped by Jonathan Quick with a rebound.
18:33 of 1st period - Slapshot by Ty Dellandrea.
18:33 of 1st period - Shot Blocked by Scott Mayfield.
18:35 of 1st period - Wrist shot by Anton Lundell.
18:35 of 1st period - Shot Misses the Net.
19:00 of 1st period - Off-side.
19:01 of 1st period - Casey Mittelstadt wins face-off versus Jeff Carter in neutral zone.
19:08 of 1st period - Snap shot by Mikko Rantanen.
19:08 of 1st period - Stopped by Jonathan Quick without a rebound.
19:09 of 1st period - Jeff Carter wins face-off versus Casey Mittelstadt in Edmonton Oilers zone.
19:14 of 1st period - Brock Boeser is hit by Clayton Keller.
19:51 of 1st period - Icing by Noah Hanifin.
19:52 of 1st period - Derek Ryan wins face-off versus Mikael Pyyhtia in Vancouver Canucks zone.
Goals for this period are 0 for Vancouver Canucks vs 0 for Edmonton Oilers.
Shots for this period are 10 for Vancouver Canucks vs 5 for Edmonton Oilers.
2nd period
0:01 of 2nd period - Jeff Carter wins face-off versus Casey Mittelstadt in neutral zone.
0:35 of 2nd period - Snap shot by David Perron.
0:35 of 2nd period - Shot Misses the Net.
0:37 of 2nd period - Wrist shot by Adrian Kempe.
0:37 of 2nd period - Stopped by Joonas Korpisalo without a rebound.
0:38 of 2nd period - Boone Jenner wins face-off versus Casey Mittelstadt in Vancouver Canucks zone.
1:08 of 2nd period - Off-side.
1:09 of 2nd period - Aleksander Barkov wins face-off versus Brock Boeser in neutral zone.
1:13 of 2nd period - Off-side.
1:14 of 2nd period - Casey Mittelstadt wins face-off versus Jeff Carter in neutral zone.
1:16 of 2nd period - Off-side.
1:17 of 2nd period - Casey Mittelstadt wins face-off versus Brock Boeser in neutral zone.
1:22 of 2nd period - Jake DeBrusk is hit by Clayton Keller.
1:52 of 2nd period - Backhand shot by Joey Anderson.
1:52 of 2nd period - Stopped by Joonas Korpisalo with a rebound.
2:08 of 2nd period - Wrist shot by Dawson Mercer.
2:08 of 2nd period - Shot Blocked by Casey Mittelstadt.
2:15 of 2nd period - Minor Penalty to Brandon Carlo for Tripping.
2:16 of 2nd period - Adrian Kempe wins face-off versus Casey Mittelstadt in Edmonton Oilers zone.
3:59 of 2nd period - Boone Jenner is hit by Artturi Lehkonen and loses puck.
4:15 of 2nd period - Penalty to Brandon Carlo is over, Brandon Carlo is back on ice.
4:27 of 2nd period - Brett Leason is hit by David Savard.
4:31 of 2nd period - Chad Ruhwedel is hit by Joey Anderson and loses puck.
5:22 of 2nd period - Anton Lundell is hit by Jacob Trouba and loses puck.
6:01 of 2nd period - Wrist shot by Morgan Barron.
6:01 of 2nd period - Stopped by Joonas Korpisalo with a rebound.
6:13 of 2nd period - Scott Mayfield is hit by Brett Leason and loses puck.
6:56 of 2nd period - Mikael Pyyhtia is hit by Dawson Mercer and loses puck.
7:09 of 2nd period - Jacob Bernard-Docker is hit by Joey Anderson and loses puck.
7:14 of 2nd period - Wrist shot by Derek Ryan.
7:14 of 2nd period - Stopped by Joonas Korpisalo without a rebound.
7:15 of 2nd period - Anton Lundell wins face-off versus Boone Jenner in Vancouver Canucks zone.
7:26 of 2nd period - Snap shot by Anton Lundell.
7:26 of 2nd period - Shot Misses the Net.
7:34 of 2nd period - Anton Lundell is hit by Adrian Kempe and loses puck.
7:57 of 2nd period - Snap shot by Connor Zary.
7:57 of 2nd period - Stopped by Jonathan Quick without a rebound.
7:58 of 2nd period - Casey Mittelstadt wins face-off versus Jeff Carter in Edmonton Oilers zone.
8:01 of 2nd period - Snap shot by Clayton Keller.
8:01 of 2nd period - Stopped by Jonathan Quick without a rebound.
8:02 of 2nd period - Jeff Carter wins face-off versus Casey Mittelstadt in Edmonton Oilers zone.
8:15 of 2nd period - Wrist shot by Brock Boeser.
8:15 of 2nd period - Shot Blocked by Noah Hanifin.
8:17 of 2nd period - Wrist shot by David Savard.
8:17 of 2nd period - Shot Blocked by Mikko Rantanen.
8:29 of 2nd period - Slapshot by Adrian Kempe.
8:29 of 2nd period - Shot Blocked by Artturi Lehkonen.
8:31 of 2nd period - Slapshot by David Savard.
8:31 of 2nd period - Stopped by Joonas Korpisalo with a rebound.
8:33 of 2nd period - Snap shot by Boone Jenner.
8:33 of 2nd period - Shot Misses the Net.
9:12 of 2nd period - Off-side.
9:13 of 2nd period - Casey Mittelstadt wins face-off versus Jeff Carter in neutral zone.
9:20 of 2nd period - Off-side.
9:21 of 2nd period - Jeff Carter wins face-off versus Casey Mittelstadt in neutral zone.
10:57 of 2nd period - Wrist shot by Brock Boeser.
10:57 of 2nd period - Shot Blocked by Adam Boqvist.
11:09 of 2nd period - David Savard is hit by Emil Martinsen Lilleberg and loses puck.
11:31 of 2nd period - Snap shot by Matias Maccelli.
11:31 of 2nd period - Shot Misses the Net.
11:54 of 2nd period - Snap shot by Robby Fabbri.
11:54 of 2nd period - Shot Misses the Net.
11:56 of 2nd period - Wrist shot by Mikael Pyyhtia.
11:56 of 2nd period - Stopped by Jonathan Quick without a rebound.
11:57 of 2nd period - Jeff Carter wins face-off versus Matias Maccelli in Edmonton Oilers zone.
12:06 of 2nd period - Wrist shot by Jake DeBrusk.
12:06 of 2nd period - Deflect By Jeff Carter.
12:06 of 2nd period - Stopped by Joonas Korpisalo without a rebound.
12:07 of 2nd period - Aleksander Barkov wins face-off versus Jeff Carter in Vancouver Canucks zone.
12:12 of 2nd period - Snap shot by Artturi Lehkonen.
12:12 of 2nd period - Shot Misses the Net.
12:26 of 2nd period - Slapshot by Jake DeBrusk.
12:26 of 2nd period - Stopped by Joonas Korpisalo with a rebound.
12:28 of 2nd period - Wrist shot by Jake DeBrusk.
12:28 of 2nd period - Goal by Jake DeBrusk - Vancouver Canucks : 0 - Edmonton Oilers : 1.
12:29 of 2nd period - Casey Mittelstadt wins face-off versus Jake DeBrusk in neutral zone.
12:40 of 2nd period - Backhand shot by Brock Boeser.
12:40 of 2nd period - Shot Misses the Net.
12:42 of 2nd period - Wrist shot by Jacob Trouba.
12:42 of 2nd period - Deflect By Brock Boeser.
12:42 of 2nd period - Stopped by Joonas Korpisalo with a rebound.
12:44 of 2nd period - Snap shot by Brock Boeser.
12:44 of 2nd period - Shot Blocked by Noah Hanifin.
13:03 of 2nd period - Slapshot by Miro Heiskanen.
13:03 of 2nd period - Stopped by Jonathan Quick with a rebound.
13:05 of 2nd period - Snap shot by Miro Heiskanen.
13:05 of 2nd period - Shot Blocked by David Savard.
13:19 of 2nd period - Brett Leason is hit by Derek Ryan.
13:58 of 2nd period - Wrist shot by Corey Perry.
13:58 of 2nd period - Shot Blocked by Emil Martinsen Lilleberg.
14:00 of 2nd period - Slapshot by Brandon Carlo.
14:00 of 2nd period - Shot Blocked by Matias Maccelli.
14:02 of 2nd period - Slapshot by Jacob Trouba.
14:02 of 2nd period - Stopped by Joonas Korpisalo with a rebound.
14:04 of 2nd period - Wrist shot by Corey Perry.
14:04 of 2nd period - Shot Misses the Net.
14:21 of 2nd period - Snap shot by David Perron.
14:21 of 2nd period - Stopped by Joonas Korpisalo without a rebound.
14:22 of 2nd period - Anton Lundell wins face-off versus Adrian Kempe in Vancouver Canucks zone.
14:47 of 2nd period - Noah Hanifin is hit by Jacob Trouba and loses puck.
15:04 of 2nd period - Backhand shot by Noah Hanifin.
15:04 of 2nd period - Stopped by Jonathan Quick with a rebound.
15:06 of 2nd period - Wrist shot by Anton Lundell.
15:06 of 2nd period - Goal by Anton Lundell - Vancouver Canucks : 1 - Edmonton Oilers : 1.
15:07 of 2nd period - Jeff Carter wins face-off versus Casey Mittelstadt in neutral zone.
15:10 of 2nd period - Slapshot by Evan Bouchard.
15:10 of 2nd period - Shot Misses the Net.
15:20 of 2nd period - Wrist shot by Clayton Keller.
15:20 of 2nd period - Stopped by Jonathan Quick with a rebound.
15:22 of 2nd period - Wrist shot by Chad Ruhwedel.
15:22 of 2nd period - Shot Misses the Net.
15:24 of 2nd period - Wrist shot by Casey Mittelstadt.
15:24 of 2nd period - Shot Misses the Net.
16:24 of 2nd period - Off-side.
16:25 of 2nd period - Aleksander Barkov wins face-off versus Dawson Mercer in neutral zone.
16:32 of 2nd period - Slapshot by Matias Maccelli.
16:32 of 2nd period - Shot Blocked by Jacob Trouba.
16:34 of 2nd period - Wrist shot by Matias Maccelli.
16:34 of 2nd period - Shot Misses the Net.
16:36 of 2nd period - Wrist shot by Artturi Lehkonen.
16:36 of 2nd period - Shot Blocked by Jacob Trouba.
16:38 of 2nd period - Snap shot by Matias Maccelli.
16:38 of 2nd period - Shot Misses the Net.
16:40 of 2nd period - Slapshot by Emil Martinsen Lilleberg.
16:40 of 2nd period - Shot Misses the Net.
16:42 of 2nd period - Snap shot by Adam Boqvist.
16:42 of 2nd period - Stopped by Jonathan Quick with a rebound.
17:23 of 2nd period - Off-side.
17:24 of 2nd period - Jeff Carter wins face-off versus Aleksander Barkov in neutral zone.
17:27 of 2nd period - Wrist shot by Jeff Carter.
17:27 of 2nd period - Stopped by Joonas Korpisalo with a rebound.
17:33 of 2nd period - Wrist shot by Chad Ruhwedel.
17:33 of 2nd period - Stopped by Jonathan Quick without a rebound.
17:34 of 2nd period - Aleksander Barkov wins face-off versus Jeff Carter in Edmonton Oilers zone.
17:54 of 2nd period - Snap shot by Artturi Lehkonen.
17:54 of 2nd period - Stopped by Jonathan Quick with a rebound.
18:00 of 2nd period - Matias Maccelli is hit by Brock Boeser and loses puck.
18:09 of 2nd period - Wrist shot by Jake DeBrusk.
18:09 of 2nd period - Shot Misses the Net.
18:15 of 2nd period - Snap shot by Aleksander Barkov.
18:15 of 2nd period - Shot Blocked by Jacob Trouba.
18:37 of 2nd period - Snap shot by Jake DeBrusk.
18:37 of 2nd period - Shot Misses the Net.
18:39 of 2nd period - Slapshot by Brett Pesce.
18:39 of 2nd period - Shot Blocked by Jacob Bernard-Docker.
18:53 of 2nd period - Snap shot by Jake DeBrusk.
18:53 of 2nd period - Deflect By Brock Boeser.
18:53 of 2nd period - Stopped by Joonas Korpisalo without a rebound.
18:54 of 2nd period - Casey Mittelstadt wins face-off versus Adrian Kempe in Vancouver Canucks zone.
19:10 of 2nd period - Slapshot by Noah Hanifin.
19:10 of 2nd period - Shot Blocked by David Perron.
19:52 of 2nd period - Snap shot by Corey Perry.
19:52 of 2nd period - Shot Misses the Net.
Goals for this period are 1 for Vancouver Canucks vs 1 for Edmonton Oilers.
Shots for this period are 10 for Vancouver Canucks vs 13 for Edmonton Oilers.
3rd period
0:01 of 3rd period - Casey Mittelstadt wins face-off versus Boone Jenner in neutral zone.
0:19 of 3rd period - Minor Penalty to Jacob Trouba for Slashing.
0:20 of 3rd period - Boone Jenner wins face-off versus Casey Mittelstadt in Edmonton Oilers zone.
0:33 of 3rd period - Off-side.
0:34 of 3rd period - Mikko Rantanen wins face-off versus Boone Jenner in neutral zone.
0:37 of 3rd period - Snap shot by Clayton Keller.
0:37 of 3rd period - Shot Misses the Net.
0:39 of 3rd period - Snap shot by Adam Boqvist.
0:39 of 3rd period - Deflect By Evan Bouchard.
0:39 of 3rd period - Stopped by Jonathan Quick with a rebound.
0:41 of 3rd period - Snap shot by Artturi Lehkonen.
0:41 of 3rd period - Shot Misses the Net.
1:08 of 3rd period - Snap shot by Casey Mittelstadt.
1:08 of 3rd period - Goal by Casey Mittelstadt - Vancouver Canucks : 2 - Edmonton Oilers : 1.
1:09 of 3rd period - Boone Jenner wins face-off versus Casey Mittelstadt in neutral zone.
1:16 of 3rd period - Snap shot by David Perron.
1:16 of 3rd period - Shot Misses the Net.
1:25 of 3rd period - Minor Penalty to Casey Mittelstadt for Holding.
1:26 of 3rd period - Aleksander Barkov wins face-off versus Adrian Kempe in Vancouver Canucks zone.
1:26 of 3rd period - Aleksander Barkov is hit by David Perron.
1:50 of 3rd period - Brett Leason is hit by Boone Jenner and loses puck.
2:15 of 3rd period - Wrist shot by Jake DeBrusk.
2:15 of 3rd period - Shot Misses the Net.
2:35 of 3rd period - Evan Bouchard is hit by Aleksander Barkov and loses puck.
3:25 of 3rd period - Penalty to Casey Mittelstadt is over, Casey Mittelstadt is back on ice.
3:25 of 3rd period - Jake DeBrusk is hit by Casey Mittelstadt and loses puck.
3:40 of 3rd period - Snap shot by Mikko Rantanen.
3:40 of 3rd period - Stopped by Jonathan Quick without a rebound.
3:41 of 3rd period - Casey Mittelstadt wins face-off versus Dawson Mercer in Edmonton Oilers zone.
4:25 of 3rd period - Snap shot by Dawson Mercer.
4:25 of 3rd period - Shot Misses the Net.
4:27 of 3rd period - Slapshot by Evan Bouchard.
4:27 of 3rd period - Shot Blocked by Miro Heiskanen.
4:59 of 3rd period - Noah Hanifin is hit by Corey Perry and loses puck.
5:12 of 3rd period - Snap shot by Aleksander Barkov.
5:12 of 3rd period - Shot Blocked by Jeff Carter.
5:14 of 3rd period - Slapshot by Noah Hanifin.
5:14 of 3rd period - Stopped by Jonathan Quick without a rebound.
5:15 of 3rd period - Aleksander Barkov wins face-off versus Boone Jenner in Edmonton Oilers zone.
5:32 of 3rd period - Snap shot by Artturi Lehkonen.
5:32 of 3rd period - Shot Misses the Net.
5:34 of 3rd period - Snap shot by Matias Maccelli.
5:34 of 3rd period - Stopped by Jonathan Quick with a rebound.
5:36 of 3rd period - Snap shot by Aleksander Barkov.
5:36 of 3rd period - Shot Blocked by Boone Jenner.
5:38 of 3rd period - Slapshot by Adam Boqvist.
5:38 of 3rd period - Deflect By Aleksander Barkov.
5:38 of 3rd period - Shot Misses the Net.
5:38 of 3rd period - Puck is out of play.
5:39 of 3rd period - Casey Mittelstadt wins face-off versus Jeff Carter in Edmonton Oilers zone.
5:50 of 3rd period - Slapshot by Jake DeBrusk.
5:50 of 3rd period - Shot Misses the Net.
5:52 of 3rd period - Snap shot by Brock Boeser.
5:52 of 3rd period - Stopped by Joonas Korpisalo with a rebound.
5:54 of 3rd period - Wrist shot by Jeff Carter.
5:54 of 3rd period - Deflect By Brock Boeser.
5:54 of 3rd period - Shot Blocked by Chad Ruhwedel.
5:54 of 3rd period - Puck is out of play.
5:55 of 3rd period - Boone Jenner wins face-off versus Aleksander Barkov in Vancouver Canucks zone.
6:04 of 3rd period - Wrist shot by David Perron.
6:04 of 3rd period - Shot Misses the Net.
6:32 of 3rd period - Backhand shot by Brock Boeser.
6:32 of 3rd period - Stopped by Joonas Korpisalo with a rebound.
7:08 of 3rd period - Slapshot by Derek Ryan.
7:08 of 3rd period - Shot Misses the Net.
7:22 of 3rd period - Matias Maccelli is hit by David Perron and loses puck.
8:04 of 3rd period - Snap shot by Connor Zary.
8:04 of 3rd period - Stopped by Jonathan Quick with a rebound.
8:06 of 3rd period - Slapshot by Connor Zary.
8:06 of 3rd period - Stopped by Jonathan Quick with a rebound.
8:08 of 3rd period - Snap shot by Connor Zary.
8:08 of 3rd period - Shot Blocked by Corey Perry.
8:10 of 3rd period - Slapshot by Ty Dellandrea.
8:10 of 3rd period - Stopped by Jonathan Quick without a rebound.
8:11 of 3rd period - Aleksander Barkov wins face-off versus Boone Jenner in Edmonton Oilers zone.
8:12 of 3rd period - Wrist shot by Artturi Lehkonen.
8:12 of 3rd period - Stopped by Jonathan Quick with a rebound.
8:14 of 3rd period - Wrist shot by Matias Maccelli.
8:14 of 3rd period - Stopped by Jonathan Quick without a rebound.
8:15 of 3rd period - Boone Jenner wins face-off versus Aleksander Barkov in Edmonton Oilers zone.
10:10 of 3rd period - Casey Mittelstadt is hit by Jacob Trouba and loses puck.
12:06 of 3rd period - Artturi Lehkonen is hit by Scott Mayfield and loses puck.
12:14 of 3rd period - Minor Penalty to Jacob Trouba for Tripping.
12:15 of 3rd period - Boone Jenner wins face-off versus Mikko Rantanen in Edmonton Oilers zone.
12:21 of 3rd period - Mikko Rantanen is hit by Brandon Carlo and loses puck.
12:42 of 3rd period - Connor Zary is hit by Brandon Carlo.
14:14 of 3rd period - Penalty to Jacob Trouba is over, Jacob Trouba is back on ice.
14:27 of 3rd period - Wrist shot by Anton Lundell.
14:27 of 3rd period - Shot Misses the Net.
14:32 of 3rd period - Minor Penalty to Anton Lundell for Slashing.
14:33 of 3rd period - Aleksander Barkov wins face-off versus Brock Boeser in Vancouver Canucks zone.
14:59 of 3rd period - Brett Leason is hit by Evan Bouchard and loses puck.
15:06 of 3rd period - Slapshot by Adrian Kempe.
15:06 of 3rd period - Shot Blocked by Aleksander Barkov.
15:08 of 3rd period - Slapshot by Brandon Carlo.
15:08 of 3rd period - Shot Blocked by Brett Leason.
15:10 of 3rd period - Snap shot by Adrian Kempe.
15:10 of 3rd period - Goal by Adrian Kempe - Vancouver Canucks : 2 - Edmonton Oilers : 2.
15:11 of 3rd period - Casey Mittelstadt wins face-off versus Dawson Mercer in neutral zone.
15:57 of 3rd period - Wrist shot by Anton Lundell.
15:57 of 3rd period - Shot Misses the Net.
15:59 of 3rd period - Minor Penalty to Evan Bouchard for Hooking.
16:00 of 3rd period - Mikko Rantanen wins face-off versus Boone Jenner in Edmonton Oilers zone.
16:13 of 3rd period - Slapshot by Mikko Rantanen.
16:13 of 3rd period - Deflect By Clayton Keller.
16:13 of 3rd period - Shot Misses the Net.
16:13 of 3rd period - Puck is out of play.
16:14 of 3rd period - Casey Mittelstadt wins face-off versus Adrian Kempe in Edmonton Oilers zone.
16:21 of 3rd period - Wrist shot by Robby Fabbri.
16:21 of 3rd period - Shot Blocked by Brett Pesce.
16:39 of 3rd period - David Savard is hit by Artturi Lehkonen and loses puck.
17:59 of 3rd period - Penalty to Evan Bouchard is over, Evan Bouchard is back on ice.
18:27 of 3rd period - Snap shot by Evan Bouchard.
18:27 of 3rd period - Stopped by Joonas Korpisalo without a rebound.
18:28 of 3rd period - Casey Mittelstadt wins face-off versus Dawson Mercer in Vancouver Canucks zone.
18:28 of 3rd period - Casey Mittelstadt is hit by Ryan McLeod.
19:46 of 3rd period - Wrist shot by Anton Lundell.
19:46 of 3rd period - Stopped by Jonathan Quick without a rebound.
19:47 of 3rd period - Anton Lundell wins face-off versus Boone Jenner in Edmonton Oilers zone.
19:50 of 3rd period - Snap shot by Robby Fabbri.
19:50 of 3rd period - Shot Misses the Net.
Goals for this period are 1 for Vancouver Canucks vs 1 for Edmonton Oilers.
Shots for this period are 11 for Vancouver Canucks vs 4 for Edmonton Oilers.
Overtime #1
0:01 of 1st overtime period - Mikko Rantanen wins face-off versus Brock Boeser in neutral zone.
0:14 of 1st overtime period - Wrist shot by Mikko Rantanen.
0:14 of 1st overtime period - Shot Misses the Net.
0:26 of 1st overtime period - Matias Maccelli is hit by David Perron and loses puck.
0:36 of 1st overtime period - Slapshot by Emil Martinsen Lilleberg.
0:36 of 1st overtime period - Stopped by Jonathan Quick with a rebound.
1:20 of 1st overtime period - David Perron is hit by Matias Maccelli.
2:14 of 1st overtime period - David Savard is hit by Noah Hanifin and loses puck.
2:41 of 1st overtime period - Slapshot by Anton Lundell.
2:41 of 1st overtime period - Stopped by Jonathan Quick with a rebound.
2:43 of 1st overtime period - Slapshot by Miro Heiskanen.
2:43 of 1st overtime period - Shot Misses the Net.
2:59 of 1st overtime period - Snap shot by Corey Perry.
2:59 of 1st overtime period - Shot Misses the Net.
3:07 of 1st overtime period - Icing by Corey Perry.
3:08 of 1st overtime period - Morgan Barron wins face-off versus Clayton Keller in Edmonton Oilers zone.
3:13 of 1st overtime period - Slapshot by Brandon Carlo.
3:13 of 1st overtime period - Stopped by Joonas Korpisalo with a rebound.
3:15 of 1st overtime period - Wrist shot by Corey Perry.
3:15 of 1st overtime period - Shot Misses the Net.
3:17 of 1st overtime period - Slapshot by Jacob Trouba.
3:17 of 1st overtime period - Stopped by Joonas Korpisalo with a rebound.
3:19 of 1st overtime period - Snap shot by Corey Perry.
3:19 of 1st overtime period - Stopped by Joonas Korpisalo with a rebound.
3:21 of 1st overtime period - Snap shot by Brandon Carlo.
3:21 of 1st overtime period - Stopped by Joonas Korpisalo with a rebound.
3:23 of 1st overtime period - Snap shot by Morgan Barron.
3:23 of 1st overtime period - Goal by Morgan Barron - Vancouver Canucks : 2 - Edmonton Oilers : 3.
Goals for this period are 0 for Vancouver Canucks vs 1 for Edmonton Oilers.
Shots for this period are 2 for Vancouver Canucks vs 5 for Edmonton Oilers.
Back to the Top